 Dungeon Crawl Stone Soup version 0.28-a0-265-g048bc9fd10 (webtiles) character file.

Game seed: 4145318412074518307

21 SeanNever the Chopper (level 2, -5/25 HPs)
             Began as a Minotaur Gladiator on Aug 27, 2021.
             Was a Follower of Trog.
             Slain by an ogre (29 damage)
             ... on level 4 of the Dungeon.
             The game lasted 00:10:50 (1812 turns).

SeanNever the Chopper (Minotaur Gladiator)          Turns: 1812, Time: 00:10:51

Health: -5/25      AC:  3    Str: 18    XL:     2   Next: 62%
Magic:  1/1        EV: 12    Int:  5    God:    Trog [*.....]
Gold:   110        SH:  0    Dex: 11    Spells: 1/1 levels left

rFire   . . .      SeeInvis .   a - +0 war axe
rCold   . . .      Faith    .   (no shield)
rNeg    . . .      Spirit   .   b - +0 leather armour
rPois   .          Reflect  .   c - +0 hat
rElec   .          Harm     .   (no cloak)
rCorr   .          Rampage  .   (no gloves)
Will    .....                   (no boots)
Stlth   +.........              (no amulet)
HPRegen 0.08/turn               (no ring)
MPRegen 0.07/turn               (no ring)

@: no status effects
A: reduced essence, horns 2, retaliatory headbutt
a: Renounce Religion, Berserk


You were on level 4 of the Dungeon.
You worshipped Trog.
Trog was aware of your devotion.
You visited 1 branch of the dungeon, and saw 4 of its levels.

You collected 110 gold pieces.

Inventory:

Hand Weapons
 a - a +0 war axe (weapon)
Missiles
 d - 4 throwing nets (quivered)
Armour
 b - a +0 leather armour (worn)
 c - a +0 hat (worn)
Scrolls
 e - a scroll of enchant armour {unknown}
 f - a scroll of fog {unknown}
 g - 2 scrolls of identify {unknown}
 h - a scroll of enchant weapon {unknown}
 j - a scroll of magic mapping {unknown}
 l - 2 scrolls of holy word {unknown}
Potions
 i - 2 potions of resistance {unknown}
 k - a potion of curing {unknown}


   Skills:
 + Level 2.5 Fighting
 + Level 4.1 Axes
 + Level 2.1 Throwing
 + Level 0.3 Armour
 + Level 3.7 Dodging


You had one spell level left.
You didn't know any spells.
Your spell library contained the following spells:

 Spells                   Type           Power      Damage    Failure   Level
 Corpse Rot               Necr/Air       N/A        N/A       67%         2
 Poisonous Vapours        Pois/Air       0%         N/A       67%         2
 Freezing Cloud           Conj/Ice/Air   0%         6-21      100%        5


Dungeon Overview and Level Annotations

Branches:
Dungeon (4/15)
 Temple: D:4-7

Altars:
Hepliaklqana
Trog


Innate Abilities, Weirdness & Mutations

Your life essence is reduced to manifest your ancestor. (-10% HP)
You have a pair of horns on your head.
You reflexively headbutt those who attack you in melee.


Message History

The giant cockroach bites you but does no damage. x2
You slash the giant cockroach!
You kill the giant cockroach!
Trog accepts your kill. The jackal bites you.
You hit the jackal. You headbutt the jackal.
You kill the jackal!
Trog accepts your kill.
Things that are here:
a jackal corpse; a jackal corpse You now have 110 gold pieces (gained 10).
You see here 20 arrows.
You see here 20 arrows.
Things that are here:
a jackal corpse; a jackal corpse
There is a stone staircase leading up here.
l - 2 scrolls labelled UMYUGUENUO
g - 2 scrolls labelled VERGHOMMUCAZ (gained 1)
Found a stone staircase leading down.
There is a stone staircase leading down here.
You climb downwards.
There is a stone staircase leading up here.
A giant cockroach and an ogre come into view.
Found two stone staircases leading up.
The ogre shouts!
A hound comes into view.
The giant cockroach closely misses you.
A water moccasin skeleton comes into view.
The hound barks!
The giant cockroach misses you. You furiously retaliate!
You headbutt the giant cockroach, but do no damage.
The giant cockroach misses you. The giant cockroach bites you.
The ogre closely misses you.
You hit the giant cockroach.
The giant cockroach is heavily wounded.
You barely miss the ogre. The giant cockroach closely misses you.
The ogre hits you with a +0 giant spiked club!!
Ouch! That really hurt!
You die...

#...<##
#.....#
..Z<.# #...#
#...# ###
#..#####
#..###Z...<#
#...#O.#####
#.@Bh#
#...#.##
#..##.# #..
#.# #. #.#
#. ### #


You could see an ogre, a hound, a giant cockroach and a water moccasin skeleton.

Vanquished Creatures
  2 dart slugs
  2 bats
  An endoplasm (D:1)
  A giant cockroach (D:3)
  A goblin (D:2)
  2 hobgoblins
  3 jackals (D:3)
  2 quokkas
  2 frilled lizards
  4 kobolds
  2 rats
22 creatures vanquished.

Vanquished Creatures (others)
  A fungus (D:2)
  3 plants (D:2)
4 creatures vanquished.

Grand Total: 26 creatures vanquished

Notes
Turn   | Place    | Note
-------+----------+-------------------------------------------
     0 | D:1      | SeanNever the Minotaur Gladiator began the quest for the
                  | Orb.
     0 | D:1      | Reached XP level 1. HP: 18/18 MP: 0/0
   513 | D:1      | Reached XP level 2. HP: 19/25 MP: 1/1
  1384 | D:2      | Reached skill level 4 in Axes
  1419 | D:2      | Found a hazy altar of Hepliaklqana.
  1449 | D:2      | Became a worshipper of Hepliaklqana the Forgotten
  1493 | D:2      | Found a faded altar of an unknown god.
  1522 | D:2      | Fell from the grace of Hepliaklqana
  1522 | D:2      | Became a worshipper of Trog the Wrathful
  1522 | D:2      | Reached * piety under Trog
  1802 | D:4      | Noticed an ogre
  1812 | D:4      | Slain by an ogre

Illustrated notes

Levels and vault maps discovered:
D:1:      ncdulo_halloftheorcs, layout_loops_corners
D:2:      minmay_evil_eye, layout_basic, shapermc_ecumenical_altar_ellora,
          basic_altar, minivault_4
D:3:      layout_rooms, serial_shops, nicolae_shop_crystal, uniq_terence
D:4:      minmay_bubble_buster, layout_loops_ring, hangedman_ru_absence,
          chequers_temple_overflow_minitemple

Skill      XL: |  1  2 |
---------------+-------+-----
Axes           | 4 |  4.1
Fighting       | |  2.5
Throwing       | |  2.1
Armour         | |  0.3
Dodging        | |  3.7

Action                   || total
-------------------------++-------
Melee: War axe           ||    54
       Headbutt          ||    12
 Stab: Sleeping          ||     1
Armor: Leather armour    ||    20
Dodge: Dodged            ||    30

Table legend: (Time is in decaauts)
 A = Elapsed time spent in this place.
 B = Non-inter-level travel time spent in this place.
 C = Inter-level travel time spent in this place.
 D = Time resting spent in this place.
 E = Time spent auto-exploring this place.
 F = Levels seen in this place.
 G = Mean time per level.
                   A        B        C        D        E       F      G
               +--------+--------+--------+--------+--------+-----+--------+
         Total |   1827 |   1611 |    216 |      0 |      0 |   4 |  456.8 |
       Dungeon |   1827 |   1611 |    216 |      0 |      0 |   4 |  456.8 |
               +--------+--------+--------+--------+--------+-----+--------+

Top non-repeatable levels by time:
     D:1: 1204 daAuts
     D:2: 528 daAuts
     D:3: 80 daAuts
     D:4: 12 daAuts
